 Dungeon Crawl Stone Soup version 0.26-a0-854-gdc81c2f471 (webtiles) character file.

Game seed: 7175990950376350945

1 sahdkjhfkaj the Sneak (level 1, 0/9 HPs)
             Began as a Spriggan Enchanter on Nov 22, 2020.
             Slain by a quokka (1 damage)
             ... on level 2 of the Dungeon.
             The game lasted 00:00:52 (421 turns).

sahdkjhfkaj the Sneak (Spriggan Enchanter)           Turns: 421, Time: 00:00:52

Health: 0/9        AC:  2    Str:  4    XL:     1   Next: 16%
Magic:  4/5        EV: 18    Int: 16    God:
Gold:   0          SH:  0    Dex: 16    Spells: 4/5 levels left

rFire    . . .     SeeInvis +   a - +1 dagger
rCold    . . .     Faith    .   (shield restricted)
rNeg     . . .     Spirit   .   b - +0 robe
rPois    .         Reflect  .   (helmet restricted)
rElec    .         Harm     .   (no cloak)
rCorr    .         Rampage  .   (gloves unavailable)
MR       .....                  (boots unavailable)
Stlth    +++.......             (no amulet)
HPRegen  0.03/turn              (no ring)
MPRegen  0.09/turn              (no ring)

@: lightly drained, very quick
A: very small, unfitting armour, see invisible, speed 3
a: no special abilities


You were on level 2 of the Dungeon.
You visited 1 branch of the dungeon, and saw 2 of its levels.

Inventory:

Hand Weapons
 a - a +1 dagger (weapon)
Armour
 b - a +0 robe (worn)
 g - a +2 buckler
Jewellery
 d - an uncursed ring of see invisible {unknown}
Scrolls
 e - a scroll of remove curse {unknown}
 h - a scroll of identify {unknown}
Potions
 c - 3 potions of degeneration {unknown}
 f - a potion of resistance {unknown}


   Skills:
 + Level 0.2(0.0) Fighting
 - Level 1.1(0.8) Short Blades
 - Level 3.0(2.7) Dodging
 - Level 4.4(4.1) Stealth
 - Level 2.6(2.4) Spellcasting
 - Level 3.6(3.3) Hexes


You had 4 spell levels left.
You knew the following spells:

 Your Spells              Type           Power        Failure   Level
a - Corona                Hex            ##.....      4%          1

Your spell library contained the following spells:

 Spells                   Type           Power        Failure   Level
 Ensorcelled Hibernation  Hex/Ice        #.....       16%         2
 Confusing Touch          Hex            ##......     16%         3
 Tukima's Dance           Hex            ##......     16%         3
 Dazzling Flash           Conj/Hex       #.....       30%         3


Dungeon Overview and Level Annotations

Branches:
Dungeon (2/15)

Altars:


Innate Abilities, Weirdness & Mutations

You are very small and have problems with some larger weapons.
You are too small for most types of armour.
You have supernaturally acute eyesight. (SInv)
You cover ground extremely quickly.


Message History

You hit the quokka.
The quokka is severely wounded.
The quokka bites you.
Casting: Corona (safe; 4% risk of failure)
Confirm with . or Enter, or press ? or * to list all spells.
Aiming: Corona (safe; 4% risk of failure)
Press: ? - help, Shift-Dir - straight line, f - quokka
Aim: a quokka (severely wounded, chance to defeat MR: 66%)
The quokka is outlined in light.
The quokka closely misses you. x2
Unknown command.
Unknown command.
You barely miss the quokka.
The quokka is severely wounded.
The quokka bites you.
Ouch! That really hurt!
* * * LOW HITPOINT WARNING * * *
You hit the quokka but do no damage.
The quokka is severely wounded.
The quokka bites you.
You die...

...P P♣. ##+## ♣♣.P
##...## ♣ ... ##.....#
♣♣ ♣. ♣.♣♣♣# ##.......
♣$P . ♣P..####........
♣PP.♣. ♣♣.P....+........
P..P..♣♣P.P.####...<....
♣.r@...## ##.......
##♣.#### ##.....# #..###
##...## #....# ##'##
####.# #.# #.# ####.###
####.#######......#
#.......##........#
#.##.##.##.#......#


You could see a quokka (corona).

Vanquished Creatures
  A kobold (D:1)
  A rat (D:1)
2 creatures vanquished.

Vanquished Creatures (others)
  4 plants (D:2)
4 creatures vanquished.

Grand Total: 6 creatures vanquished

Notes
Turn   | Place    | Note
-------+----------+-------------------------------------------
     0 | D:1      | sahdkjhfkaj the Spriggan Enchanter began the quest for the
                  | Orb.
     0 | D:1      | Reached XP level 1. HP: 9/9 MP: 5/5
   421 | D:2      | Slain by a quokka

Illustrated notes

Levels and vault maps discovered:
D:1:      ncdulo_watergridlock, layout_basic, st_stairs_5, minivault_26,
          minmay_pentomino_o2
D:2:      wad_woods_stonehenge, layout_loops_corners, tso_metal_star

Action                   || total
-------------------------++-------
Melee: Dagger            ||    15
 Cast: Corona            ||     1
Dodge: Dodged            ||    17

Table legend: (Time is in decaauts)
 A = Elapsed time spent in this place.
 B = Non-inter-level travel time spent in this place.
 C = Inter-level travel time spent in this place.
 D = Time resting spent in this place.
 E = Time spent auto-exploring this place.
 F = Levels seen in this place.
 G = Mean time per level.
                   A        B        C        D        E       F      G
               +--------+--------+--------+--------+--------+-----+--------+
         Total |    333 |    333 |      0 |    175 |     44 |   2 |  166.5 |
       Dungeon |    333 |    333 |      0 |    175 |     44 |   2 |  166.5 |
               +--------+--------+--------+--------+--------+-----+--------+

Top non-repeatable levels by time:
     D:2: 209 daAuts
     D:1: 124 daAuts
